 Dungeon Crawl Stone Soup version 0.29.1-15-g9cfb28693d (webtiles) character file.

Game seed: 5742350509313486894

189 DemonSlayer the Digger (level 5, -4/35 HPs)
             Began as a Demonspawn Earth Elementalist on Feb 24, 2023.
             Slain by Duvessa
             ... wielding a +0 short sword
              (7 damage)
             ... on level 4 of the Dungeon.
             The game lasted 00:09:28 (4208 turns).

DemonSlayer the Digger (DsEE)                       Turns: 4208, Time: 00:09:28

Health: -4/35      AC:  5    Str: 10    XL:     5   Next: 40%
Magic:  6/10       EV: 12    Int: 17    God:
Gold:   55         SH:  0    Dex: 13    Spells: 5/11 levels left

rFire   . . .      SeeInvis .   u - +4 dagger (speed)
rCold   . . .      Faith    .   (no shield)
rNeg    . . .      Spirit   .   a - +0 robe
rPois   .          Reflect  .   (no helmet)
rElec   .          Harm     .   (no cloak)
rCorr   .          Rampage  .   (no gloves)
Will    +....                   m - +2 pair of boots
Stlth   ++........              (no amulet)
HPRegen 0.11/turn               o - ring of willpower
MPRegen 0.12/turn               (no ring)

@: no status effects
A: hooves 1, demonic magic 1
a: no special abilities


You were on level 4 of the Dungeon.
You visited 1 branch of the dungeon, and saw 4 of its levels.

You collected 225 gold pieces.
You spent 170 gold pieces at shops.

Inventory:

Hand Weapons
 u - a +4 dagger of speed (weapon)
Armour
 a - a +0 robe (worn)
 m - a +2 pair of boots (worn)
 s - a +2 chain mail of poison resistance
Jewellery
 o - a ring of willpower (left hand)
Wands
 n - a wand of charming (10)
 t - a wand of polymorph (2)
Scrolls
 e - a scroll of fear
 g - 2 scrolls of teleportation
 l - a scroll of magic mapping
 p - a scroll of immolation {unknown}
 q - a scroll of identify
Potions
 b - 2 potions of invisibility {unknown}
 c - 3 potions of mutation
 d - 4 potions of heal wounds
 f - a potion of might {unknown}
 h - a potion of flight {unknown}
 i - 5 potions of curing
 k - a potion of brilliance
 r - a potion of attraction {unknown}


   Skills:
 + Level 2.1 Dodging
 + Level 2.4 Stealth
 + Level 3.8 Spellcasting
 + Level 0.9 Transmutations
 + Level 4.0 Earth Magic


You had 5 spell levels left.
You knew the following spells:

 Your Spells              Type           Power      Damage    Failure   Level
a - Sandblast             Erth           32%        2d9       3%          1
b - Stone Arrow           Conj/Erth      20%        3d8       22%         3
c - Passwall              Tmut/Erth      9%         N/A       9%          2

Your spell library contained the following spells:

 Spells                   Type           Power      Damage    Failure   Level
 Petrify                  Tmut/Erth      11%        N/A       50%         4


Dungeon Overview and Level Annotations

Branches:
Dungeon (4/15)
 Temple: D:4-7

Altars:
Vehumet

Shops:
D:1 ?   D:4 *

Annotations:
D:4 Duvessa


Innate Abilities, Weirdness & Mutations

You have large cloven feet.
Spells you cast may paralyse adjacent enemies.


Message History

u - a +4 dagger of speed Your hands tingle!
u - a +4 dagger of speed (weapon)
You drop a +0 dagger of draining.
o - a ring of willpower (left hand)
You start resting.
Magic restored.
You start resting.
HP restored.
You start waiting.
Duvessa is nearby!
Duvessa is nearby!
Duvessa goes berserk!
You hear a shout!
Okay, then.
Okay, then.
The blast of sand hits Duvessa.
Duvessa is lightly wounded.
Malevolent energies surge around you.
The blast of sand hits Duvessa but does no damage.
Duvessa is lightly wounded.
Malevolent energies surge around you. Duvessa hits you with a +0 short sword!
Duvessa closely misses you.
Unknown command.
The blast of sand hits Duvessa.
Duvessa is lightly wounded.
Malevolent energies surge around you. Duvessa hits you with a +0 short sword.
Duvessa hits you with a +0 short sword!
Unknown command.
Casting: Sandblast (safe; 3% risk of failure)
Confirm with . or Enter, or press ? or * to list all spells.
Aiming: Sandblast (safe; 3% risk of failure)
Press: ? - help, Shift-Dir - straight line, f/p - Duvessa
Aim: Duvessa, wielding a +0 short sword and wearing a +0 leather armour (lightly wounded, berserk, 84% to hit)
The blast of sand hits Duvessa.
Duvessa is moderately wounded.
Malevolent energies surge around you. Duvessa hits you with a +0 short sword!
* * * LOW HITPOINT WARNING * * *
Duvessa hits you with a +0 short sword!
You die...

######## #....g.#
#@####)# ########e# #.#
#......#.####.#
#######......#....#.#
##...........)...#.#.#
#.......#...#.#..#.#.#
##...#'#e..#.#....)..e#
.....#_#...#.#........#
.....#+#...#.##.......#


You could see Duvessa (berserk) and a goblin (wandering).

Vanquished Creatures
  Dowan (D:4)
  A gnoll bouda (D:4)
  A gnoll (D:1)
  4 adders
  2 worms
  3 orcs
  2 bats
  9 endoplasms
  A giant cockroach (D:1)
  5 goblins
  6 hobgoblins
  7 jackals
  6 ball pythons
  5 frilled lizards
  7 kobolds
  3 rats
63 creatures vanquished.

Notes
Turn   | Place    | Note
-------+----------+-------------------------------------------
     0 | D:1      | DemonSlayer the Demonspawn Earth Elementalist began the
                  | quest for the Orb.
     0 | D:1      | Reached XP level 1. HP: 13/13 MP: 3/3
    23 | D:1      | Found Qeareyh's Magic Scroll Emporium.
   252 | D:1      | Reached skill level 3 in Earth Magic
   252 | D:1      | Gained mutation: Spells you cast may paralyse adjacent
                  | enemies. [demonic ancestry]
   252 | D:1      | Reached XP level 2. HP: 7/19 MP: 3/5
   889 | D:1      | Found a faded altar of an unknown god.
  1278 | D:1      | Reached XP level 3. HP: 24/24 MP: 3/6
  1560 | D:1      | Learned a level 3 spell: Stone Arrow
  1563 | D:1      | Learned a level 2 spell: Passwall
  1573 | D:1      | Bought a scroll of identify for 22 gold pieces
  1876 | D:2      | Reached XP level 4. HP: 30/30 MP: 5/8
  3134 | D:4      | Found Juotagge's General Store.
  3246 | D:1      | Bought a scroll of magic mapping for 82 gold pieces
  3246 | D:1      | Bought 3 scrolls of identify for 66 gold pieces
  3474 | D:4      | Found a radiant altar of Vehumet.
  3492 | D:4      | Noticed Duvessa
  3492 | D:4      | Noticed Dowan
  3987 | D:4      | Gained mutation: You have large cloven feet. [demonic
                  | ancestry]
  3987 | D:4      | Reached XP level 5. HP: 28/35 MP: 3/10
  4071 | D:4      | Killed Dowan
  4072 | D:4      | Reached skill level 4 in Earth Magic
  4208 | D:4      | Slain by Duvessa

Illustrated notes

Levels and vault maps discovered:
D:1:      lemuel_arrival_broad_hall, layout_loops_ring, serial_shops, shop,
          shapermc_ecumenical_altar_acropolis, minmay_small_reverse_x
D:2:      layout_loops_ring
D:3:      layout_basic, kennysheep_generic_room_8
D:4:      layout_basic, kennysheep_mini_moat, serial_shops, shop,
          kennysheep_generic_room_11, uniq_duvessa

Skill      XL: |  1  2  3  4  5 |
---------------+----------------+-----
Earth Magic    | 3 4 |  4.0
Stealth        | 2 |  2.4
Dodging        | 2 |  2.1
Spellcasting   | 3 |  3.8
Transmutations | |  0.9

Action                   |  1- 3 |  4- 6 || total
-------------------------+-------+-------++-------
Melee: Dagger            |    12 |    15 ||    27
 Cast: Sandblast         |    38 |    44 ||    82
  Use: Potion            |     1 |       ||     1
       Scroll            |     2 |     6 ||     8
 Stab: Sleeping          |     2 |     2 ||     4
       Paralysed         |     1 |     2 ||     3
Armor: Robe              |     4 |     3 ||     7
Dodge: Dodged            |    17 |    14 ||    31
